 Dungeon Crawl Stone Soup version 0.25.0-37-gb73750e0fb (webtiles) character file.

Game seed: 14264399912250139452

8 Aviak the Stinger (level 2, 14/20 HPs)
             Began as a Demonspawn Venom Mage on July 8, 2020.
             Quit the game on level 1 of the Dungeon.
             The game lasted 00:00:46 (674 turns).

Aviak the Stinger (Demonspawn Venom Mage)            Turns: 674, Time: 00:00:47

Health: 14/20      AC:  2    Str:  8    XL:     2   Next: 0%
Magic:  0/5        EV: 12    Int: 16    God:
Gold:   0          SH:  0    Dex: 13    Spells: 4/5 levels left

rFire    . . .     SeeInvis .   b - +0 dagger
rCold    . . .     Gourm    .   (no shield)
rNeg     . . .     Faith    .   a - +0 robe
rPois    .         Spirit   +   (no helmet)
rElec    .         Reflect  .   (no cloak)
rCorr    .         Harm     .   (no gloves)
MR       .....                  (no boots)
Stlth    ++........             (no amulet)
HPRegen  0.06/turn              (no ring)
MPRegen  0.09/turn              (no ring)

@: very slightly contaminated
A: magic shield
a: no special abilities


You were on level 1 of the Dungeon.
You were not hungry.

You visited 1 branch of the dungeon, and saw 1 of its levels.

Inventory:

Hand Weapons
 b - a +0 dagger (weapon)
Armour
 a - a +0 robe (worn)
Scrolls
 d - a scroll of identify {unknown}
Comestibles
 c - 2 rations


   Skills:
 + Level 0.7 Fighting
 - Level 1.7 Dodging
 - Level 1.7 Stealth
 + Level 2.2 Spellcasting
 - Level 1.0 Transmutations
 + Level 3.2 Poison Magic


You had 4 spell levels left.
You knew the following spells:

 Your Spells              Type           Power        Failure   Level  Hunger
a - Sting                 Tmut/Pois      #...         9%          1    #......

Your spell library contained the following spells:

 Spells                   Type           Power        Failure   Level  Hunger
 Poisonous Vapours        Pois/Air       #.....       16%         2    ###....
 Ignite Poison            Fire/Tmut/Pois #.......     34%         3    ###....
 Mephitic Cloud           Conj/Pois/Air  #.......     36%         3    ###....
 Olgreb's Toxic Radiance  Pois           ##......     47%         4    #####..


Dungeon Overview and Level Annotations

Branches:
Dungeon (1/15)

Altars:


Innate Abilities, Weirdness & Mutations

When hurt, damage is shared between your health and your magic reserves.


Message History

You closely miss the bat.
The bat is moderately wounded.
The bat hits you. x2
The bat hits you but does no damage. The bat barely misses you.
You see here a goblin skeleton.
Casting: Sting (safe; 9% risk of failure)
Confirm with . or Enter, or press ? or * to list all spells.
Aiming: Sting (safe; 9% risk of failure)
Press: ? - help, Shift-Dir - straight line, f/p - bat
Aim: a bat (moderately wounded)
The sting hits the bat.
The bat is poisoned.
The bat is severely wounded.
The bat misses you. The bat hits you but does no damage.
You barely miss the bat.
The bat is severely wounded.
You kill the bat!
You have reached level 2!
Your demonic ancestry asserts itself...
You feel your magical essence form a protective shroud around your flesh.
Are you sure you want to abandon this character and quit the game? (Confirm with "yes".)

#.. .... #.# #.. #.#
#.## ##.# #..#
...###### ##.#
....†...#####.#######
.#.####..†..#...#...#
...#
#####.###.#.#.###
...# #.....#.@.#...#
...# #.###.#.#####.#
##.. #.#.#...# #<.#
#.. #.#.##### ##.#
.##. #.#...# #.# # .
#.###.# ###+# ##
#.....# #...#
###.#######.#.#
#...#.....#.#


There were no monsters in sight!

Vanquished Creatures
  A dart slug (D:1)
  A bat (D:1)
  2 goblins (D:1)
  A hobgoblin (D:1)
  A frilled lizard (D:1)
6 creatures vanquished.

Notes
Turn   | Place    | Note
-------+----------+-------------------------------------------
     0 | D:1      | Aviak the Demonspawn Venom Mage began the quest for the
                  | Orb.
     0 | D:1      | Reached XP level 1. HP: 13/13 MP: 3/3
    68 | D:1      | Reached skill level 1 in Transmutations
   673 | D:1      | Gained mutation: When hurt, damage is shared between your
                  | health and your magic reserves. [demonic ancestry]
   673 | D:1      | Reached XP level 2. HP: 14/20 MP: 0/5
   674 | D:1      | Quit the game

Illustrated notes

Levels and vault maps discovered:
D:1:      elethiomel_arrival_maze, layout_basic, hex_large, minmay_vboxes

Skill      XL: |  1 |
---------------+----+-----
Transmutations | 1 |  1.0
Fighting       | |  0.7
Dodging        | |  1.7
Stealth        | |  1.7
Spellcasting   | |  2.2
Poison Magic   | |  3.2

Action                   || total
-------------------------++-------
Melee: Dagger            ||    19
 Cast: Sting             ||    12
Armor: Robe              ||    10
Dodge: Dodged            ||    23
